Map: Simulacrum LE

Players

Methyle - Winner!

  • Race: Terran Terran
  • League: Platinum
  • Spawn Location: 5:00

A.I. 1 (Medium)

  • Race: Protoss Protoss
  • Spawn Location: 11:00

VOD

Have the link to the VOD?

Description

Time

  • Played on: April 14, 2020, 2:50 p.m.
  • Length: 12:59
Show
View Real Time Build Order
Export as new Build Order

Methyle Terran - Winner!

Build Orders: Mech 

Get SALT Encoding   

  12  0:00  SCV  
  13  0:13  SCV  
  14  0:17  Supply Depot  
  14  0:25  SCV  
  15  0:35  Refinery  
  15  0:40  SCV  
  16  0:44  Barracks  
  16  0:55  SCV  
  17  1:07  SCV  
  18  1:19  SCV  
  19  1:31  SCV  
  20  1:33  Marine  
  20  1:39  Command Center  
  21  1:45  Orbital Command  
  21  1:57  Factory  
  21  2:00  Barracks Tech Lab  
  21  2:11  SCV  
  21  2:13  Supply Depot  
  22  2:24  SCV  
  22  2:28  Refinery  
  23  2:36  SCV  
  24  2:39  Barracks Tech Lab  
  24  2:47  Starport  
  24  2:52  Orbital Command  
  24  2:55  SCV  
  25  3:04  Marine  
  26  3:10  SCV  
  27  3:13  Siege Tank  
  30  3:20  SCV  
  30  3:22  SCV  
  32  3:32  SCV  
  33  3:39  Barracks Reactor  
  33  3:46  Command Center  
  33  3:48  SCV x2  
  35  3:54  Siege Tank  
  38  4:00  Refinery  
  38  4:01  SCV x2  
  38  4:02  Refinery  
  40  4:09  Supply Depot  
  40  4:14  Engineering Bay  
  40  4:18  Armory  
  40  4:36  Marine  
  40  4:37  Marine  
  40  4:38  SCV x2  
  44  4:49  Factory  
  44  4:50  SCV x2  
  46  4:53  Factory  
  46  4:56  Factory  
  46  4:57  Terran Infantry Weapons Level 1  
  46  5:02  Missile Turret  
  46  5:05  Missile Turret  
  46  5:09  Missile Turret  
  46  5:13  Orbital Command  
  46  5:14  Missile Turret  
  46  5:15  SCV x2  
  46  5:20  Raven  
  50  5:25  Siege Tank  
  50  5:27  Marine  
  50  5:28  Marine  
  55  5:35  Factory Tech Lab  
  55  5:36  Factory Tech Lab  
  55  5:39  Factory Tech Lab  
  55  5:41  Terran Vehicle Weapons Level 1  
  55  5:54  Orbital Command  
  53  5:59  SCV x2  
  51  6:07  Raven  
  51  6:11  SCV x2  
  55  6:14  Armory  
  55  6:18  Cyclone  
  58  6:23  SCV x2  
  58  6:25  SCV  
  61  6:33  Marine x2  
  61  6:35  SCV x2  
  65  6:45  Refinery  
  65  6:47  Refinery  
  65  6:55  Supply Depot  
  65  6:56  Supply Depot x2  
  65  6:57  Supply Depot  
  65  6:58  Terran Infantry Armor Level 1  
  65  7:09  Command Center  
  65  7:13  Starport  
  65  7:14  Starport  
  65  7:16  Thor  
  65  7:18  SCV x3  
  65  7:21  Marine  
  75  7:23  Marine  
  75  7:24  Cyclone  
  75  7:25  Cyclone x2  
  85  7:30  SCV x2  
  85  7:31  SCV  
  88  7:41  Supply Depot  
  88  7:42  SCV  
  88  7:43  Supply Depot  
  89  7:45  Supply Depot  
  89  7:48  SCV x2  
  89  7:50  Marine x2  
  93  7:55  SCV  
  93  7:56  Thor  
  100  8:00  SCV, Missile Turret  
  100  8:03  Viking, Cyclone  
  100  8:04  Supply Depot  
  107  8:05  SCV  
  107  8:07  SCV  
  107  8:11  Supply Depot  
  107  8:12  SCV  
  109  8:13  Supply Depot  
  109  8:17  Marine x2, SCV  
  109  8:19  SCV, Cyclone  
  116  8:24  SCV  
  117  8:27  Supply Depot  
  117  8:28  Supply Depot  
  117  8:29  Terran Vehicle And Ship Armor Level 1, Terran Vehicle Weapons Level 2  
  117  8:35  Marine  
  118  8:46  Orbital Command  
  118  8:48  Starport Reactor, Starport Tech Lab  
  118  8:52  SCV x3  
  121  8:59  Marine x2  
  121  9:01  Cyclone x4  
  135  9:03  Viking  
  135  9:04  SCV  
  135  9:07  SCV x2  
  140  9:13  Orbital Command  
  140  9:16  SCV  
  140  9:17  Marine  
  141  9:18  Refinery  
  141  9:23  Fusion Core  
  141  9:24  Refinery  
  142  9:29  Engineering Bay  
  142  9:33  Terran Infantry Armor Level 2, Cyclone x2  
  148  9:40  Marine x2  
  148  9:41  Cyclone x2  
  156  10:05  Cyclone  
  155  10:16  SCV x3  
  155  10:17  SCV  
  155  10:18  Terran Infantry Weapons Level 2  
  159  10:25  Siege Tank x3  
  159  10:26  Supply Depot x2  
  159  10:27  Viking  
  170  10:28  SCV  
  171  10:37  Cyclone  
  174  10:44  SCV  
  174  10:47  SCV x3  
  178  10:56  SCV  
  176  10:59  SCV  
  176  11:00  Command Center x2  
  176  11:03  Cyclone x3  
  180  11:39  Cyclone x4  
  189  11:40  Viking x3  
  195  11:48  Supply Depot  
  195  11:57  Viking  
  194  12:04  Missile Turret  
  194  12:05  Missile Turret  
  191  12:10  Factory x3  
  191  12:11  Factory  
  191  12:14  Viking x3  
  199  12:18  Cyclone  
Show
View Real Time Build Order
Export as new Build Order

A.I. 1 (Medium) Protoss 

Build Orders:  

Get SALT Encoding   

  12  0:00  Probe  
  13  0:13  Probe  
  14  0:20  Pylon  
  14  0:25  Probe  
  15  0:34  Probe  
  15  0:42  Probe  
  16  0:48  Assimilator  
  17  0:51  Gateway  
  17  0:52  Probe  
  18  1:02  Pylon  
  18  1:30  Gateway  
  18  1:34  Assimilator  
  18  1:40  Cybernetics Core  
  18  1:41  Zealot  
  20  1:59  Zealot  
  22  2:09  Warp Gate  
  22  2:17  Pylon, Zealot  
  24  2:30  Adept  
  24  2:33  Probe  
  27  2:44  Stalker  
  27  2:45  Probe  
  30  2:53  Pylon  
  30  2:57  Probe  
  31  3:00  Stalker  
  33  3:09  Forge, Probe  
  34  3:21  Probe  
  35  3:33  Probe  
  36  4:11  Probe  
  36  5:10  Probe  
  36  5:11  Sentry  
  36  5:13  Photon Cannon  
  39  5:16  Pylon  
  39  5:17  Robotics Facility  
  39  5:19  Probe  
  39  5:20  Stargate  
  39  5:23  Twilight Council  
  39  5:24  Stalker  
  39  5:25  Gateway  
  39  5:28  Photon Cannon  
  41  5:30  Forge  
  41  5:32  Probe  
  42  5:37  Stalker  
  42  5:38  Pylon  
  44  5:50  Sentry  
  40  6:03  Sentry  
  36  6:06  Observer  
  37  6:16  Adept  
  39  6:28  Observer  
  39  6:29  Stalker  
  39  6:32  Nexus  
  42  6:42  Stalker  
  44  6:55  Adept  
  46  7:07  Zealot  
  48  7:20  Zealot  
  50  7:45  Probe x2  
  52  7:54  Pylon, Probe  
  52  7:56  Pylon  
  52  7:57  Assimilator, Probe  
  54  7:59  Assimilator  
  54  8:00  Nexus  
  54  8:03  Probe  
  54  8:09  Probe  
  56  8:15  Probe, Photon Cannon  
  56  8:18  Photon Cannon  
  56  8:19  Probe  
  57  8:22  Photon Cannon  
  58  8:27  Probe x2  
  60  8:36  Probe  
  60  8:38  Probe  
  62  8:46  Probe  
  62  8:48  Probe  
  62  8:54  Probe  
  64  9:00  Probe  
  66  9:06  Probe  
  66  9:08  Probe  
  67  9:13  Probe  
  67  9:16  Probe  
  69  9:18  Probe  
  69  9:20  Pylon  
  69  9:22  Pylon  
  71  9:25  Probe  
  71  9:26  Probe  
  71  9:27  Probe  
  71  9:29  Warp Prism  
  74  9:34  Stalker x2, Void Ray  
  74  9:37  Probe  
  81  9:39  Robotics Facility  
  81  9:42  Stargate  
  81  9:58  Fleet Beacon  
  81  10:01  Observer  
  79  10:08  Void Ray  
  63  10:22  Void Ray  
  63  10:23  Observer  
  63  10:26  Warp Prism  
  66  10:31  Stargate  
  66  10:42  Probe  
  66  10:44  Observer  
  66  10:45  Probe  
  66  10:48  Probe  
  69  10:52  Stalker  
  63  10:59  Stalker  
  44  11:09  Stalker  
  42  11:16  Stalker  
  32  11:21  Assimilator  
  29  11:28  Stalker  
  23  11:38  Probe  
  15  11:44  Pylon  
  15  11:46  Pylon  
  15  11:48  Probe  
  19  11:54  Pylon  
  19  12:01  Probe  
  14  12:02  Pylon  
  5  12:12  Probe  
  6  12:20  Probe  
  6  12:28  Nexus  
  7  12:31  Gateway  
  7  12:34  Probe  
Tags
 
Composition
Mech
League
Platinum
Matchup
PvT
Spawn Locations
Cross Positions
Add a new tag
Caveats
  • Supply blocks, unpowered buildings, or Contaminate may cause inaccurate times.
  • Supply counts are checked every 10 seconds.